 Dungeon Crawl Stone Soup version 0.29-a0-286-g41199d4a87 (webtiles) character file.

Game seed: 11387236466425177783

57 Dabor the Covered (level 4, 0/29 HPs)
             Began as a Gargoyle Fighter on Mar 16, 2022.
             Was a Follower of Okawaru.
             Slain by a river rat (2 damage)
             ... in a sewer.
             The game lasted 00:01:51 (2153 turns).

Dabor the Covered (Gargoyle Fighter)                Turns: 2153, Time: 00:01:51

Health: 0/29       AC: 11    Str: 21    XL:     4   Next: 0%
Magic:  4/4        EV:  9    Int:  9    God:    Okawaru [*.....]
Gold:   103        SH:  4    Dex:  9    Spells: 3/3 levels left

rFire   . . .      SeeInvis .   a - +0 flail
rCold   . . .      Faith    .   c - +0 buckler
rNeg    + . .      Spirit   .   b - +0 scale mail
rPois   ∞          Reflect  .   (no helmet)
rElec   +          Harm     .   (no cloak)
rCorr   .          Rampage  .   h - +0 pair of gloves
Will    .....                   (no boots)
Stlth   ..........              (no amulet)
HPRegen 0.09/turn               (no ring)
MPRegen 0.09/turn               (no ring)

@: no status effects
A: sickness immunity, AC +3, negative energy resistance 1, electricity
resistance, torment resistance 1, petrification resistance
a: Renounce Religion, Heroism


You were in a sewer.
You worshipped Okawaru.
Okawaru was aware of your devotion.
You visited 1 branch of the dungeon, and saw 3 of its levels.
You also visited: Sewer.

You collected 103 gold pieces.

Inventory:

Hand Weapons
 a - a +0 flail (weapon)
Armour
 b - a +0 scale mail (worn)
 c - a +0 buckler (worn)
 h - a +0 pair of gloves (worn)
Scrolls
 g - 4 scrolls of identify {unknown}
 j - a scroll of summoning {unknown}
 k - a scroll of enchant weapon {unknown}
Potions
 d - a potion of might
 e - a potion of flight {unknown}
 f - a potion of curing {unknown}
 i - a potion of lignification {unknown}


   Skills:
 + Level 3.8 Fighting
 + Level 2.7 Maces & Flails
 + Level 3.8 Armour
 + Level 3.8 Shields
 + Level 0.1 Invocations


You had 3 spell levels left.
You didn't know any spells.
Your spell library contained the following spells:

 Spells                   Type           Power      Damage    Failure   Level
 Sting                    Tmut/Pois      0%         1d3       80%         1
 Poisonous Vapours        Pois/Air       0%         N/A       91%         2
 Olgreb's Toxic Radiance  Pois           0%         N/A       100%        4


Dungeon Overview and Level Annotations

Branches:
Dungeon (3/15)              Sewer (1/1)

Altars:
Okawaru


Innate Abilities, Weirdness & Mutations

You are immune to sickness and miasma.
Your stone body is resilient. (AC +3)
You are immune to poison.
You resist negative energy. (rN+)
You are resistant to electric shocks. (rElec)
You are resistant to unholy torment.
You are immune to petrification.


Message History

You are too injured to fight recklessly!
You are too injured to fight recklessly!
You are too injured to fight recklessly!
You are too injured to fight recklessly!
You are too injured to fight recklessly!
You are too injured to fight recklessly!
You are too injured to fight recklessly!
You are too injured to fight recklessly!
You are too injured to fight recklessly!
You are too injured to fight recklessly!
You are too injured to fight recklessly!
You are too injured to fight recklessly!
You are too injured to fight recklessly!
You are too injured to fight recklessly!
You are too injured to fight recklessly!
You hit the rat.
You kill the rat!
Okawaru accepts your kill. The river rat bites you.
You have reached level 4!
You feel clever.
You barely miss the river rat. The river rat barely misses you.
You closely miss the river rat. The river rat bites you.
* * * LOW HITPOINT WARNING * * *
You hit the river rat.
The river rat is heavily wounded.
The river rat barely misses you.
The river rat bites you but does no damage.
You completely miss the river rat.
The river rat is moderately wounded.
The river rat bites you but does no damage.
You closely miss the river rat.
The river rat is moderately wounded.
You block the river rat's attack.
You hit the river rat but do no damage.
The river rat is moderately wounded.
The river rat bites you.
* * * LOW HITPOINT WARNING * * *
The river rat bites you.
You die... ################# ......rrr@....≈≈≈ #################

You could see a river rat and 2 rats.

Vanquished Creatures
  A worm (D:3)
  3 dart slugs
  4 endoplasms
  A giant cockroach (D:2)
  3 goblins (D:1)
  5 hobgoblins
  4 jackals (D:2)
  5 kobolds
  2 quokkas (D:1)
  3 ball pythons
  3 bats (D:1)
  3 frilled lizards
  6 rats
43 creatures vanquished.

Vanquished Creatures (others)
  3 plants (D:1)
3 creatures vanquished.

Grand Total: 46 creatures vanquished

Notes
Turn   | Place    | Note
-------+----------+-------------------------------------------
     0 | D:1      | Dabor the Gargoyle Fighter began the quest for the Orb.
     0 | D:1      | Reached XP level 1. HP: 14/14 MP: 1/1
   183 | D:1      | Reached XP level 2. HP: 14/19 MP: 2/2
   686 | D:1      | Reached XP level 3. HP: 19/23 MP: 3/3
  1787 | D:2      | Found a faded altar of an unknown god.
  2041 | D:2      | Prayed at the altar of an unknown god.
  2041 | D:2      | Became a worshipper of Warmaster Okawaru
  2041 | D:2      | Reached * piety under Okawaru
  2111 | D:3      | Found a glowing drain.
  2138 | Sewer    | Entered a sewer
  2148 | Sewer    | Reached XP level 4. HP: 12/29 MP: 4/4
  2153 | Sewer    | Slain by a river rat

Illustrated notes

Levels and vault maps discovered:
D:1:      roderic_crop_circles_arrival_small, layout_basic, item_on_display_a
D:2:      layout_loops_ring, ebering_ecumenical_altar_hall
D:3:      layout_loops_ring, cheibrodos_sewer_entry_sluice, serial_glass,
          glass_columns_a, glass_columns_c, glass_columns_a, glass_columns_a,
          glass_columns_b, glass_columns_a, uniq_robin
Sewer:    sewer_kobolds

Action                   |  1- 3 |  4- 6 || total
-------------------------+-------+-------++-------
Melee: Flail             |   130 |     6 ||   136
Armor: Scale mail        |    73 |     2 ||    75
Dodge: Dodged            |    59 |     2 ||    61
Block: Buckler           |    22 |     1 ||    23

Table legend: (Time is in decaauts)
 A = Elapsed time spent in this place.
 B = Non-inter-level travel time spent in this place.
 C = Inter-level travel time spent in this place.
 D = Time resting spent in this place.
 E = Time spent auto-exploring this place.
 F = Levels seen in this place.
 G = Mean time per level.
                   A        B        C        D        E       F      G
               +--------+--------+--------+--------+--------+-----+--------+
         Total |   2197 |   2057 |    140 |      0 |   1732 |   4 |  549.2 |
       Dungeon |   2179 |   2039 |    140 |      0 |   1732 |   3 |  726.3 |
         Sewer |     18 |     18 |      0 |      0 |      0 |   1 |   18.0 |
               +--------+--------+--------+--------+--------+-----+--------+

Top non-repeatable levels by time:
     D:1: 1316 daAuts
     D:2: 806 daAuts
     D:3: 55 daAuts
   Sewer: 18 daAuts
